 Dungeon Crawl Stone Soup version 0.32-a0-540-g866d13106e (webtiles) character file.

Game seed: 3474765098196053025

695 ezpacito the Trooper (level 7, -1/54 HPs)
             Began as a Demonspawn Chaos Knight on Feb 28, 2024.
             Was a Plaything of Xom.
             Slain by a hound (7 damage)
             ... on level 6 of the Dungeon.
             The game lasted 00:05:45 (3218 turns).

ezpacito the Trooper (Demonspawn Chaos Knight)      Turns: 3218, Time: 00:05:46

Health: -1/54      AC: 12    Str: 12 (13) XL:     7   Next: 37%
Magic:  0/10       EV:  7    Int: 14 (16) God:    Xom [....*.]
Gold:   163        SH:  0    Dex: 12      Spells: 3/10 levels left

rFire   . . .        a - +0 hand axe (chaos)
rCold   . . .        (no shield)
rNeg    . . .        k - +0 chain mail
rPois   .            u - +0 helmet
rElec   +            (no cloak)
rCorr   .            q - +0 pair of gloves
SInv    +            f - +0 pair of boots
Will    .....        n - amulet of guardian spirit Stlth
                     m - ring of see invisible
HPRegen 0.29/turn    o - ring of flight
MPRegen 0.12/turn

%: guardian spirit
@: flying, wreathed by umbra
A: demonic magic 3, foul shadow 2, clever 1, electricity resistance, MP-powered
wands
a: Renounce Religion


You were on level 6 of the Dungeon.
You worshipped Xom.
You were a beloved toy of Xom.
You visited 1 branch of the dungeon, and saw 4 of its levels.

You collected 163 gold pieces.

Inventory:

Hand Weapons
 a - a +0 hand axe of chaos (weapon)
Missiles
 h - 7 poisoned darts (quivered)
 w - 6 boomerangs
 x - 3 datura-tipped darts
Armour
 f - a +0 pair of boots (worn)
 k - a +0 chain mail (worn)
 q - a +0 pair of gloves (worn)
 u - a +0 helmet (worn)
Jewellery
 m - a ring of see invisible (left hand)
 n - an amulet of guardian spirit (around neck)
 o - a ring of flight (right hand)
Wands
 y - a wand of charming (5)
Scrolls
 d - a scroll of amnesia
 j - 2 scrolls of enchant weapon
Potions
 l - a potion of attraction
 z - a potion of brilliance


   Skills:
 * Level 4.0 Fighting
 * Level 3.8(4.0) Axes
 + Level 1.5(2.9) Polearms
 * Level 3.2 Armour
 * Level 2.6 Dodging
 + Level 1.5 Stealth
 * Level 2.2 Unarmed Combat
 * Level 2.3 Spellcasting
 + Level 1.1 Conjurations
 + Level 1.2 Translocations
 + Level 0.7 Evocations


You had 3 spell levels left.
You knew the following spells:

 Your Spells              Type           Power      Damage    Failure   Level
a - Gell's Gravitas       Tloc           5%         N/A       100%        3
b - Flame Wave            Conj/Fire      3%         2d5       100%        4

Your spell library contained the following spells:

 Spells                   Type           Power      Damage    Failure   Level
 Lesser Beckoning         Tloc           10%        N/A       99%         2
 Scorch                   Fire           2%         2d5       100%        2
 Teleport Other           Tloc           5%         N/A       100%        3
 Summon Cactus Giant      Summ           0%         N/A       100%        6


Dungeon Overview and Level Annotations

Branches:
Dungeon (3/15)

Altars:
Okawaru

Shops:
D:2 [


Innate Abilities, Weirdness & Mutations

Spells you cast and wands you use may paralyse nearby enemies.
You are shadowed, sometimes releasing foul flame when damaged in melee.
Your mind is acute. (Int +4, Str/Dex -1)
You are resistant to electric shocks. (rElec)
You expend magic power (3 MP) to strengthen your wands.


Message History

* * * LOW HITPOINT WARNING * * *
The orc throws an atropa-tipped dart.
The atropa-tipped dart barely misses you.
The orc throws an atropa-tipped dart.
The atropa-tipped dart barely misses you.
The orc priest hits your ogre with a +0 hand axe!
Your ogre hits the orc priest with a +0 giant club!!
The orc priest dies!
You hit the hound.
The hound is lightly wounded.
The hound barely misses you. x2; Your ogre closely misses the orc.
A poisoned dart appears from out of your range of vision.
The poisoned dart hits your ogre!
Your ogre is poisoned.
You closely miss the hound.
The hound is lightly wounded.
The hound barely misses you. The hound bites you but does no damage.
You barely miss the hound.
The hound is lightly wounded.
The hound barely misses you.
Unknown command.
You hit the hound.
The hound is moderately wounded.
The hound bites you but does no damage. Something hits your ogre.
The hound bites you but does no damage.
Your ogre hits the orc with a +0 giant club!!
The orc dies!
You hit the hound.
The hound flies into a frenzy!
The hound is heavily wounded.
You hear the hiss of a distant avalanche of sand.
The hound bites you.
* * * LOW HITPOINT WARNING * * *
Something hits your ogre. The hound bites you but does no damage.
The kobold barely misses your ogre.
The kobold brigand barely misses your ogre.
You hit the hound. You burn the hound.
The hound is severely wounded.
The hound bites you!
You die...
Xom titters!

,,**...*###*#..##......#......>#,
,,,,..,**,,*#..##.....#######..+,
,,,,,,,,,,,,,,o#......##...##..#,
,,,,,,,,,,,,,,.#...[...#...#...#,
,,***,,******,.#...)...#...#...#*
*+***,,**,,**,.#......##...##..#*
,,,,,,,,,,,,*,.#......##...##..#.
,,,,,,,,,,,,*,.#.................
,,,,,,,,,,,,*,.#@..............#.
,,,,,,,,,,,,*,.#h..............##
,,,,,,,,,,,,+,.#......##.>.##..#*
,,***,**,,,**,.##)....#######..#,
*+***,***+***,.##O..........#..#,
,,,,,,,*,,,,+....KK.........#..#,
,,,,,,,*,,,,#.......).......#..#,
,,,,,,,*,,,,#....o..........#..#,
*,***,***+**#..##.....####'##..#,


You could see a kobold brigand, an orc wizard, a kobold, a neutral hound (fast,
strong, frenzied, ally target) and a friendly ogre (charmed, poisoned).

Vanquished Creatures
  A sky beast (D:6)
  An ogre (D:6)
  A phantom (D:3)
  A howler monkey (D:6)
  A hound (D:6)
  A jelly (D:2)
  Terence (D:2)
  An iguana (D:6)
  3 gnolls (D:6)
  5 adders
  2 dart slugs
  2 ribbon worms (D:2)
  5 orcs
  A ball python (D:1)
  7 bats
  4 endoplasms
  5 giant cockroaches
  A goblin (D:3)
  5 hobgoblins
  6 kobolds
  2 quokkas (D:2)
  10 frilled lizards
  7 rats
73 creatures vanquished.

Vanquished Creatures (collateral kills)
  An ogre (D:6)
  An orc priest (D:6)
  An iguana (D:6)
  A gnoll (D:6)
  An orc (D:6)
5 creatures vanquished.

Grand Total: 78 creatures vanquished

Notes
Turn   | Place    | Note
-------+----------+-------------------------------------------
     0 | D:1      | ezpacito the Demonspawn Chaos Knight began the quest for
                  | the Orb.
     0 | D:1      | Reached XP level 1. HP: 18/18 MP: 1/1
   147 | D:1      | Reached skill level 1 in Dodging
   192 | D:1      | Gained mutation: Spells you cast may paralyse adjacent
                  | enemies. [demonic ancestry]
   192 | D:1      | Reached XP level 2. HP: 21/24 MP: 2/2
   754 | D:2      | XOM: smoke on damage
   763 | D:2      | Gained mutation: Spells you cast may paralyse nearby
                  | enemies. [demonic ancestry]
   763 | D:2      | Reached XP level 3. HP: 11/29 MP: 3/3
   817 | D:2      | XOM: god gift: 42 gold pieces
   872 | D:2      | XOM: divination: magic mapping
   875 | D:2      | XOM: enchant monster (bad)
   885 | D:2      | Reached skill level 1 in Unarmed Combat
   889 | D:2      | Learned a level 3 spell: Gell's Gravitas
   995 | D:2      | Reached skill level 1 in Spellcasting
   995 | D:2      | Gained mutation: Spells you cast and wands you use may
                  | paralyse nearby enemies. [demonic ancestry]
   995 | D:2      | Reached XP level 4. HP: 31/35 MP: 5/5
  1300 | D:2      | Noticed Terence
  1307 | D:2      | Killed Terence
  1447 | D:2      | XOM: silly message
  1647 | D:2      | Found Yvetoz's Armour Shoppe.
  1695 | D:2      | Found a faded altar of an unknown god.
  1916 | D:2      | Gained mutation: You are faintly shadowed, very rarely
                  | releasing foul flame when damaged in melee. [demonic
                  | ancestry]
  1916 | D:2      | Reached XP level 5. HP: 41/41 MP: 6/6
  2223 | D:3      | XOM: 1-stop teleportation journey
  2617 | D:3      | XOM: cloud trail
  2640 | D:3      | XOM: silly message
  2709 | D:3      | Noticed a phantom
  2717 | D:3      | XOM: divination: detect items
  2732 | D:3      | Killed a phantom
  2733 | D:3      | Reached skill level 1 in Polearms
  2733 | D:3      | Reached skill level 1 in Stealth
  2886 | D:3      | XOM: stat loss: -1 Int (11/12)
  2952 | D:3      | You are sucked into a shaft and drop 3 floors!
  2960 | D:6      | Learned a level 4 spell: Flame Wave
  2974 | D:6      | Gained mutation: You are shadowed, sometimes releasing foul
                  | flame when damaged in melee. [demonic ancestry]
  2974 | D:6      | Reached XP level 6. HP: 42/48 MP: 6/8
  2986 | D:6      | Found an iron altar of Okawaru.
  3021 | D:6      | XOM: 2-stop teleportation journey
  3022 | D:6      | Noticed an ice beast
  3025 | D:6      | XOM: noise
  3030 | D:6      | Gained mutation: You are resistant to electric shocks.
                  | (rElec) [potion of mutation]
  3030 | D:6      | Gained mutation: Your mind is acute. (Int +4, Str/Dex -1)
                  | [potion of mutation]
  3033 | D:6      | XOM: polymorph butterfly -> frilled lizard
  3034 | D:6      | XOM: 2-stop teleportation journey
  3045 | D:6      | XOM: 1-stop teleportation journey
  3077 | D:6      | Noticed a sky beast
  3087 | D:6      | Killed a sky beast
  3124 | D:6      | Reached skill level 1 in Translocations
  3124 | D:6      | Reached XP level 7. HP: 29/53 MP: 6/10
  3128 | D:6      | Reached skill level 1 in Conjurations
  3135 | D:6      | XOM: give mutation
  3135 | D:6      | Gained mutation: You expend magic power (3 MP) to
                  | strengthen your wands. [Xom's grace]
  3170 | D:6      | Reached skill level 4 in Fighting
  3174 | D:6      | XOM: butterfly on damage
  3218 | D:6      | Slain by a hound

Illustrated notes

Levels and vault maps discovered:
D:1:      saegor_arrival_under_anarchy, layout_rooms, serial_bayou_lake_a
D:2:      minmay_skewed_foursquare, layout_loops_ring,
          shapermc_ecumenical_altar_flowoftime, serial_shops,
          nicolae_shop_stone, grunt_decor_clamped, grunt_ministairs_8,
          minmay_lizard_king, uniq_terence
D:3:      minmay_angry_zag, layout_basic
D:6:      layout_gridville, lemuel_round_altar, nicolae_ossuary_entry_giza,
          grunt_ministairs_14

Skill      XL: |  1  2  3  4  5  6  7 |
---------------+----------------------+-----
Dodging        | 1 2 |  2.6
Armour         | 2 3 |  3.2
Unarmed Combat | 1 2 |  2.2
Axes           | 3 |  3.8
Spellcasting   | 1 2 |  2.3
Polearms       | 1 |  1.5
Stealth        | 1 |  1.5
Translocations | 1 |  1.2
Conjurations   | 1 |  1.1
Fighting       | 4 |  4.0
Evocations     | |  0.7

Action                     |  1- 3 |  4- 6 |  7- 9 || total
---------------------------+-------+-------+-------++-------
  Melee: Hand axe          |   103 |   155 |    19 ||   277
  Evoke: Wand              |       |       |     5 ||     5
    Use: Scroll            |       |     5 |     1 ||     6
         Potion            |       |    11 |       ||    11
   Stab: Confused          |     1 |     3 |       ||     4
         Paralysed         |       |     2 |     3 ||     5
         Petrified         |       |     6 |       ||     6
         Petrifying        |       |     1 |       ||     1
 Armour: Leather armour    |    58 |       |       ||    58
         Chain mail        |    16 |   112 |    22 ||   150
  Dodge: Dodged            |    46 |    57 |    14 ||   117

Table legend: (Time is in decaauts)
 A = Elapsed time spent in this place.
 B = Non-inter-level travel time spent in this place.
 C = Inter-level travel time spent in this place.
 D = Time resting spent in this place.
 E = Time spent auto-exploring this place.
 F = Levels seen in this place.
 G = Mean time per level.
                   A        B        C        D        E       F      G
               +--------+--------+--------+--------+--------+-----+--------+
         Total |   3277 |   3005 |    272 |     51 |   2174 |   4 |  819.2 |
       Dungeon |   3277 |   3005 |    272 |     51 |   2174 |   4 |  819.2 |
               +--------+--------+--------+--------+--------+-----+--------+

Top non-repeatable levels by time:
     D:2: 1381 daAuts
     D:3: 860 daAuts
     D:1: 783 daAuts
     D:6: 252 daAuts
